 Dungeon Crawl Stone Soup version 0.17-a0-1804-gf6433eb (webtiles) character file.

45 luca467 the Insei (level 3, -2/29 HPs)
             Began as a Demonspawn Monk on Sept 11, 2015.
             Slain by Sigmund
             ... wielding a +0 scythe
              (7 damage)
             ... on level 2 of the Dungeon.
             The game lasted 00:05:46 (1634 turns).

luca467 the Insei (Demonspawn Monk)                 Turns: 1634, Time: 00:05:47

Health: -2/29      AC:  3    Str: 11    XL:     3   Next: 42%
Magic:  3/3        EV: 13    Int: 11    God:
Gold:   59         SH:  0    Dex: 16    Spells: 0 memorised, 2 levels left

rFire  . . .     SeeInvis .       - Unarmed
rCold  . . .     Clarity  .     a - +0 robe
rNeg   . . .     SustAt   .     (no shield)
rPois  .         Gourm    .     (no helmet)
rElec  .         Spirit   .     (no cloak)
rCorr  .         Warding  .     (no gloves)
rMut   .         Stasis   .     (no boots)
MR     .....                    (no amulet)
Stlth  +.........               (no ring)
                                (no ring)

@: confused, not resistant to hostile enchantments, very unstealthy
A: rugged brown scales 1, powered by pain 1
a: no special abilities


You were on level 2 of the Dungeon.
You were not hungry.

You visited 1 branch of the dungeon, and saw 2 of its levels.

You collected 59 gold pieces.

Inventory:

Armour
 a - a +0 robe (worn)
Jewellery
 f - an uncursed ring of protection from cold {unknown}
Scrolls
 c - a scroll of magic mapping {unknown}
 e - 3 scrolls of teleportation {unknown}
 g - 3 scrolls of identify {unknown}
 h - 2 scrolls of enchant armour {unknown}
 i - 4 scrolls of remove curse {unknown}
 j - a scroll of enchant weapon {unknown}
 n - a scroll of random uselessness {unknown}
 o - a scroll of amnesia {unknown}
 p - a scroll of noise {unknown}
Potions
 l - a potion of beneficial mutation {unknown}
 m - a potion of might {unknown}
 r - a potion of curing {unknown}
Comestibles
 b - 5 bread rations
 d - a beef jerky
 k - a meat ration
 q - a chunk of flesh


   Skills:
 + Level 3.4 Fighting
 + Level 3.3 Dodging
 - Level 1.7 Stealth
 * Level 4.0 Unarmed Combat


You had 2 spell levels left.
You didn't know any spells.

Dungeon Overview and Level Annotations

Branches:
Dungeon (2/15)

Altars:

Annotations:
D:2 Sigmund


Innate Abilities, Weirdness & Mutations

You are partially covered in rugged brown scales (AC +1, +3% HP).
You sometimes gain a little power by taking damage.


Message History

Sigmund hits you with a scythe!
You hit Sigmund but do no damage.
Sigmund is moderately wounded.
Sigmund gestures at you while chanting. The puff of flame hits you!
* * * LOW HITPOINT WARNING * * *
You hit Sigmund but do no damage.
Sigmund is moderately wounded.
Sigmund closely misses you.
You hit Sigmund but do no damage.
Sigmund is moderately wounded.
You barely miss Sigmund.
Sigmund is moderately wounded.
Sigmund barely misses you.
You barely miss Sigmund.
Sigmund is moderately wounded.
Sigmund casts a spell at you.
You are confused.
Sigmund hits you from afar with a scythe!
You die...

............#
...##.......# .#
...####.....# .#
....###.....# ..
.........#### .#
.##.###### .# ..#.#
########.# #.#.#
#........# #.#.#
#.#####@.# ....###
#.##.....#
#..[..####.##.##@##
#####.........##.#
######.......#
#########


You could see Sigmund.

Vanquished Creatures
  An adder (D:2)
  A worm (D:2)
  A giant gecko (D:1)
  4 bats
  A giant cockroach (D:2)
  2 hobgoblins (D:1)
  6 kobolds
  2 ball pythons
  A giant newt (D:1)
  8 goblins
  8 rats (D:1)
35 creatures vanquished.

Notes
Turn   | Place    | Note
--------------------------------------------------------------
     0 | D:1      | luca467 the Demonspawn Monk began the quest for the Orb.
     0 | D:1      | Reached XP level 1. HP: 18/18 MP: 1/1
   359 | D:1      | Gained mutation: You are partially covered in rugged brown scales (AC +1, +3% HP). [demonic ancestry]
   359 | D:1      | Reached XP level 2. HP: 18/24 MP: 2/2
  1022 | D:1      | You fall through a shaft!
  1116 | D:2      | Reached skill level 4 in Unarmed Combat
  1116 | D:2      | Gained mutation: You sometimes gain a little power by taking damage. [demonic ancestry]
  1116 | D:2      | Reached XP level 3. HP: 9/29 MP: 3/3
  1293 | D:2      | Found a faded altar to an unknown god.
  1615 | D:2      | Noticed Sigmund
  1634 | D:2      | Slain by Sigmund

Vault maps used:
D:1:      elethiomel_arrival_diamonds
D:2:      ecumenical_altar_1, uniq_sigmund

Action                   || total
-------------------------++-------
Melee: Unarmed           ||   133
 Stab: Distracted        ||     1
       Sleeping          ||     2
  Eat: Pizza             ||     1
       Chunk             ||     1
